 Dungeon Crawl Stone Soup version 0.25.0-9-g26727b6 (webtiles) character file.

Game seed: 16668250660932760004

5 Firecrotchwizard the Firebug (level 1, -1/10 HPs)
             Began as a Deep Elf Fire Elementalist on June 22, 2020.
             Killed from afar by a dart slug (6 damage)
             ... with a slug dart
             ... on level 1 of the Dungeon.
             The game lasted 00:00:49 (170 turns).

Firecrotchwizard the Firebug (DEFE)                  Turns: 170, Time: 00:00:50

Health: -1/10      AC:  2    Str:  5    XL:     1   Next: 66%
Magic:  0/6        EV: 13    Int: 19    God:
Gold:   11         SH:  0    Dex: 15    Spells: 5/6 levels left

rFire    . . .     SeeInvis .   (no weapon)
rCold    . . .     Gourm    .   (no shield)
rNeg     . . .     Faith    .   a - +0 robe
rPois    .         Spirit   .   (no helmet)
rElec    .         Reflect  .   (no cloak)
rCorr    .         Harm     .   (no gloves)
MR       .....                  (no boots)
Stlth    ++........             (no amulet)
HPRegen  0.03/turn              (no ring)
MPRegen  0.10/turn              (no ring)

@: no status effects
A: no striking features
a: no special abilities


You were on level 1 of the Dungeon.
You were not hungry.

You visited 1 branch of the dungeon, and saw 1 of its levels.

You collected 11 gold pieces.

Inventory:

Hand Weapons
 b - a cursed -2 hand axe
   (You found it on level 1 of the Dungeon)
Armour
 a - a +0 robe (worn)
Comestibles
 c - a ration


   Skills:
 + Level 2.5 Dodging
 - Level 2.4 Stealth
 + Level 3.1 Spellcasting
 * Level 1.4 Conjurations
 + Level 3.3 Fire Magic


You had 5 spell levels left.
You knew the following spells:

 Your Spells              Type           Power        Failure   Level  Hunger
a - Foxfire               Conj/Fire      ##..         5%          1    None

Your spell library contained the following spells:

 Spells                   Type           Power        Failure   Level  Hunger
 Conjure Flame            Conj/Fire      ##......     17%         3    ###....
 Inner Flame              Hex/Fire       #.......     22%         3    ###....
 Sticky Flame             Conj/Fire      ##......     50%         4    ####...
 Fireball                 Conj/Fire      ##........   83%         5    ######.


Dungeon Overview and Level Annotations

Branches:
Dungeon (1/15)

Altars:


Message History

Welcome, Firecrotchwizard the Deep Elf Fire Elementalist.
Will you be the one to retrieve the fabled Orb of Zot from the depths?
Found 11 gold pieces and a chain mail.
Found a staircase leading out of the dungeon.
Okay, then.
You now have 11 gold pieces.
You open the door.
Found a stone staircase leading down.
There is an open door here.
You open the door.
There is an open door here.
You open the door.
There is an open door here.
You open the door.
There is an open door here.
There is an open door here.
You open the door.
There is an open door here.
You see here a chain mail.
You open the door.
There is an open door here.
You open the door.
There is an open door here.
You open the door.
There is an open door here.
There is an open door here.
You open the door.
There is an open door here.
There is an open door here.
Found an escape hatch in the floor.
A rat comes into view.
You conjure some foxfire!
You now have 5/6 mp.
The foxfire hits the rat.
You kill the rat!
You start resting.
MP restored: 6 A rat comes into view.
You see here 11 gold pieces.
You conjure some foxfire!
You now have 5/6 mp.
You conjure some foxfire!
You now have 4/6 mp.
A rat is nearby!
You start resting.
MP restored: 6 You see here a hand axe.
b - a hand axe A kobold comes into view.
You conjure some foxfire!
You now have 5/6 mp.
The foxfire hits the rat.
You kill the rat!
You conjure some foxfire!
The kobold shouts!
The foxfire hits the kobold.
You kill the kobold!
You now have 4/6 mp.
A dart slug comes into view.
A dart slug is nearby!
You conjure some foxfire!
Your foxfire hits something. x3
You feel a bit more experienced.
You now have 3/6 mp.
You start resting.
A dart slug comes into view.
A dart slug is nearby!
You start resting.
The dart slug is too close now for your liking.
A dart slug is nearby!
You conjure some foxfire!
You now have 3/6 mp.
The foxfire hits the dart slug.
You conjure some foxfire!
The dart slug closely misses you.
You now have 2/6 mp.
Really attack unarmed? [Y]es or [N]o only, please.
Really attack unarmed?
You hit the dart slug but do no damage.
The foxfire hits the dart slug. x2
The dart slug barely misses you.
You conjure some foxfire!
You now have 1/6 mp.
You hit the dart slug.
The foxfire hits the dart slug. x2
The dart slug bites you. The dart slug barely misses you.
You take 1 damage, and have 9/10 hp.
You conjure some foxfire!
The dart slug bites you. x2
You take 4 damage, and have 5/10 hp.
MASSIVE DAMAGE!!
You now have 0/6 mp.
You hit the dart slug.
The foxfire hits the dart slug. x2
You kill the dart slug!
You conjure some foxfire!
The dart slug launches a dart at you. The slug dart hits you.
Ouch! That really hurt!
You die...

#.......#
##......#
#####.....#
...##..$..#
..........## .
...........# ...
#..#.......##....
...#......w......
$........@v#.....
†...#..###v#.....
#...... #.# ..w.
#...#.. #.. ....
....#.. #.#. ...
.$v ... .#.# #
.... .# # #... .#


You could see a dart slug.

Vanquished Creatures
  A dart slug (D:1)
  A kobold (D:1)
  2 rats (D:1)
4 creatures vanquished.

Vanquished Creatures (collateral kills)
  A goblin (D:1)
1 creature vanquished.

Vanquished Creatures (others)
  13 foxfires (D:1)
13 creatures vanquished.

Grand Total: 18 creatures vanquished

Notes
Turn   | Place    | Note
-------+----------+-------------------------------------------
     0 | D:1      | Firecrotchwizard the Deep Elf Fire Elementalist began the
                  | quest for the Orb.
     0 | D:1      | Reached XP level 1. HP: 10/10 MP: 6/6
   170 | D:1      | Killed from afar by a dart slug

Illustrated notes

Levels and vault maps discovered:
D:1:      dpeg_arrival_water_fire, layout_basic, supply_closet_lemuel

Action                   || total
-------------------------++-------
Melee: Unarmed           ||     3
 Cast: Foxfire           ||    11
Dodge: Dodged            ||     3

Levels and vault maps discovered:
D:1:      dpeg_arrival_water_fire, layout_basic, supply_closet_lemuel

Table legend:
 A = Turns spent in this place as a percentage of turns spent in the entire game.
 B = Non-inter-level travel turns spent in this place as a percentage of non-inter-level travel turns spent in the entire game.
 C = Inter-level travel turns spent in this place as a percentage of turns spent in this place.
 D = Turns resting spent in this place as a percentage of non-inter-level travel turns spent in this place.
 E = Turns spent auto-exploring this place as a percentage of non-inter-level travel turns spent in this place.
 F = Non-inter-level travel turns spent in this place divided by the number of levels of this place that you've seen.
                   A       B       C       D       E      F
               +-------+-------+-------+-------+-------+----------------------
         Total | 100.0 | 100.0 |   0.0 |  14.7 |  65.3 | 170.0
       Dungeon | 100.0 | 100.0 |   0.0 |  14.7 |  65.3 | 170.0
               +-------+-------+-------+-------+-------+----------------------

Table legend:
 A = Kills in this place as a percentage of kills in entire the game.
 B = Kills by you in this place as a percentage of kills by you in the entire game.
 C = Kills by friends in this place as a percentage of kills by friends in the entire game.
 D = Other kills in this place as a percentage of other kills in the entire game.
 E = Experience gained in this place as a percentage of experience gained in the entire game.
 F = Experience gained in this place divided by the number of levels of this place that you have seen.
                   A       B       C       D       E      F
               +-------+-------+-------+-------+-------+----------------------
         Total | 100.0 | 100.0 | 100.0 |   N/A | 100.0 |   8.0
       Dungeon | 100.0 | 100.0 | 100.0 |   N/A | 100.0 |   8.0
               +-------+-------+-------+-------+-------+----------------------
